 Dungeon Crawl Stone Soup version 0.24.0-123-gd5b16e6ec5 (webtiles) character file.

Game seed: 14650725616923340085, levelgen mode: deterministic

38 Emblim88 the Skirmisher (level 3, -15/29 HPs)
             Began as a Demonspawn Abyssal Knight on Jan 11, 2020.
             Was a Follower of Lugonu.
             Demolished by a wight
             ... wielding a +2 morningstar
              (16 damage)
             ... on level 2 of the Dungeon.
             The game lasted 00:02:09 (1522 turns).

Emblim88 the Skirmisher (Demonspawn Abyssal Knight) Turns: 1522, Time: 00:02:09

Health: -15/29     AC:  4    Str: 13    XL:     3   Next: 25%
Magic:  0/5        EV:  8    Int: 13    God:    Lugonu [*.....]
Gold:   103        SH:  6    Dex: 12    Spells: 2/2 levels left

rFire    . . .     SeeInvis .   a - +1 hand axe
rCold    + . .     Gourm    .   d - +0 shield
rNeg     . . .     Faith    .   b - +1 leather armour
rPois    .         Spirit   +   (no helmet)
rElec    .         Reflect  .   (no cloak)
rCorr    .         Harm     .   (no gloves)
MR       .....                  (no boots)
Stlth    +.........             g - amulet of guardian spirit
HPRegen  0.09/turn              (no ring)
MPRegen  0.09/turn              (no ring)

@: heavily drained
A: cold resistance 1
a: Depart the Abyss, Renounce Religion


You were on level 2 of the Dungeon.
You worshipped Lugonu.
Lugonu was aware of your devotion.
You were hungry.

You visited 1 branch of the dungeon, and saw 2 of its levels.
You visited the Abyss 1 time.

You collected 103 gold pieces.

Inventory:

Hand Weapons
 a - a +1 hand axe (weapon)
Armour
 b - a +1 leather armour (worn)
 d - a +0 shield (worn)
Jewellery
 g - an amulet of guardian spirit (around neck)
 m - an uncursed amulet of the gourmand {unknown}
Scrolls
 e - a scroll of enchant armour
 h - a scroll of magic mapping {unknown}
 i - a scroll of enchant weapon {unknown}
 l - a scroll of identify {unknown}
 n - a scroll of remove curse
 o - a scroll of amnesia {unknown}
Potions
 f - a potion of curing {unknown}
 j - a potion of heal wounds {unknown}
 k - 2 potions of resistance {unknown}
Comestibles
 c - a ration


   Skills:
 + Level 3.2(2.0) Fighting
 + Level 2.1(0.9) Axes
 + Level 2.1(0.9) Armour
 + Level 1.5(0.3) Dodging
 + Level 0.4(0.0) Shields
 + Level 3.0(1.8) Invocations


You had 2 spell levels left.
You didn't know any spells.
Your spell library was empty.

Dungeon Overview and Level Annotations

Branches:
Dungeon (2/15)

Altars:
Elyvilon
Ru
Vehumet
Xom


Innate Abilities, Weirdness & Mutations

Your flesh is cold resistant. (rC+)


Message History

You are too injured to fight recklessly!
You are too injured to fight recklessly!
You are too injured to fight recklessly!
You are too injured to fight recklessly!
You are too injured to fight recklessly!
You are too injured to fight recklessly!
The wight barely misses you.
The wight hits you with a +2 morningstar.
* * * LOW HITPOINT WARNING * * *
You block the wight's attack.
You open the door.
The wight hits you with a +1 morningstar of freezing!
* * * LOW HITPOINT WARNING * * *
You feel drained.
* * * LOW HITPOINT WARNING * * *
The wight freezes you.
* * * LOW HITPOINT WARNING * * *
The wight hits you with a +2 morningstar!
Ouch! That really hurt!
You die...

#............#####....
####............# #...(
#...............# #...(
#............########....
#....##.####.............
#....##.# #.............
#....##.# #########.#..#
#....##'######## #.#..#
#.##....#..@......# #.#..#
#..........zz.....#####....#
#.######.....z....#.........
#.#<# #..........#.#####.##
#.#.# #..._...z..#'#####.##
#.#.# #...............##.##
#.#.# #.....⌠.........##...
#.#.####...............#####
##.#......#._..._.....###


You could see 4 wights.

Vanquished Creatures
  2 adders (D:2)
  A leopard gecko (D:2)
  A giant cockroach (D:2)
  2 goblins
  4 hobgoblins
  A ball python (D:2)
  5 bats
  A frilled lizard (D:1)
  2 kobolds
  3 rats
22 creatures vanquished.

Notes
Turn   | Place    | Note
-------+----------+-------------------------------------------
     0 | Abyss:1  | Emblim88 the Demonspawn Abyssal Knight began the quest for
                  | the Orb.
     0 | Abyss:1  | Reached XP level 1. HP: 18/18 MP: 2/2
     2 | Abyss:1  | Found a corrupted altar of Lugonu.
    55 | Abyss:1  | Noticed a thrashing horror
    56 | D:1      | Escaped the Abyss
   208 | D:1      | Reached skill level 1 in Dodging
   730 | D:1      | Gained mutation: Your flesh is cold resistant. (rC+)
                  | [demonic ancestry]
   730 | D:1      | Reached XP level 2. HP: 23/24 MP: 3/3
   969 | D:2      | Reached * piety under Lugonu
  1040 | D:2      | Found a shimmering altar of Xom.
  1041 | D:2      | Found a radiant altar of Vehumet.
  1051 | D:2      | Found a white marble altar of Elyvilon.
  1051 | D:2      | Found a sacrificial altar of Ru.
  1072 | D:2      | Reached XP level 3. HP: 13/29 MP: 2/5
  1522 | D:2      | HP: 1/29 [wight/+1 morningstar of freezing (1)]
  1522 | D:2      | Demolished by a wight

Levels and vault maps discovered:
D:1:      wander_arrival_fairy_ring, layout_basic
D:2:      layout_basic, grunt_temple_overflow_open, first_ration,
          chequers_ecumenical_altar_grove, uniq_jessica

Skill      XL: |  1  2 |
---------------+-------+-----
Dodging        | 1 |  1.5
Armour         | 2 |  2.1
Axes           | 2 |  2.1
Invocations    | 3 |  3.0
Fighting       | |  3.2
Shields        | |  0.4

Action                   || total
-------------------------++-------
Melee: Spear             ||    38
       Hand axe          ||    56
Invok: Depart the Abyss  ||     1
  Use: Scroll            ||     2
  Eat: Chunk             ||     1
Armor: Leather armour    ||    31
Dodge: Dodged            ||    45
Block: Shield            ||    24
